Senators vs Bears
Created - December 21, 2022 at 19:03
Goals
|
Senators |
1 |
3 |
0 |
4 |
Bears |
5 |
2 |
3 |
10 |
|
Shots
|
Senators |
11 |
16 |
3 |
30 |
Bears |
11 |
8 |
13 |
32 |
|
1st period
1. Bears , Kerby Rychel 13 (Sam Carrick 7) at 5:39 (PP)
2. Bears , Kerby Rychel 14 (Max Friberg 17) at 6:12
3. Senators , Christoph Bertschy 13 (Tyler Pitlick 15, Zachary Sanford 19) at 8:34
4. Bears , Mike Hoffman 7 (Nicolas Aube-Kubel 7, Angelo Esposito 6) at 16:47
5. Bears , Mike Hoffman 8 (Nicolas Aube-Kubel 8) at 19:38
6. Bears , Max Friberg 11 (Kerby Rychel 13, Sam Carrick 8) at 19:52
Penalties :
Keegan Lowe (Bel) for Hooking (Minor) at 1:46, Christoph Bertschy (Bel) for Holding Stick (Minor) at 5:03
2nd period
7. Bears , Gianluca Curcuruto 1 (Tommy Vannelli 6) at 3:08
8. Bears , A.J. Jenks 9 (Joshua Leivo 8, Sam Carrick 9) at 4:51
9. Senators , Grant Besse 6 (Jonas Siegenthaler 6, Brendan Perlini 11) at 13:02
10. Senators , Joonas Lyytinen 2 (Zachary Sanford 20, Christoph Bertschy 16) at 14:33 (PP)
11. Senators , Tyler Pitlick 16 (Jordan Schmaltz 14, Zachary Sanford 21) at 14:48 (PP)
Penalties :
Nicolas Aube-Kubel (Her) for Holding (Minor) at 7:01, A.J. Jenks (Her) for Slashing (Double Minor) at 13:51
3rd period
12. Bears , Vincent Dunn 2 (Joshua Leivo 9, A.J. Jenks 4) at 0:44
13. Bears , Angelo Esposito 3 (Derek Forbort 6) at 1:17
14. Bears , Kerby Rychel 15 (Sam Carrick 10, Tommy Vannelli 7) at 3:25
Penalties :
Kerby Rychel (Her) for Hooking (Minor) at 3:49, Christoph Bertschy (Bel) for Hooking (Minor) at 8:47, Tyler Pitlick (Bel) for Slashing (Minor) at 17:21
Goalie Stats
Garret Sparks (Bel), 15 saves from 21 shots - (0.714), 38:54 minutes
David Rittich (Bel), 7 saves from 11 shots - (0.636), L, 3-4-0, 21:06 minutes
Jake Allen (Her), 26 saves from 30 shots - (0.867), W, 6-8-1, 60:00 minutes
Players Stats for Senators
Player Name G A P +/- PIM S H SB GA TA FO MP PP MP PK MP
------------------------------------------------------------------------------------
Arttu Ruotsalainen 0 0 0 0 0 0 0 0 0 0 0/0 6:07 0:00 0:13
Brendan Perlini 0 1 1 0 0 5 1 0 2 0 0/0 13:02 0:00 0:47
C.J Suess 0 0 0 0 0 0 3 1 0 0 0/0 6:07 0:00 0:13
Christoph Bertschy 1 1 2 -4 4 2 1 0 1 1 14/41 20:23 2:47 2:30
Dmitry Sinitsyn 0 0 0 -6 0 1 1 2 0 1 0/0 24:53 3:07 4:19
Grant Besse 1 0 1 0 0 2 0 0 0 0 2/2 12:21 0:00 0:00
Jacob De La Rose 0 0 0 -3 0 2 2 1 0 0 9/13 20:59 2:08 3:08
Johan Larsson 0 0 0 0 0 0 0 0 0 0 0/0 0:00 0:00 0:00
Jonas Siegenthaler 0 1 1 1 0 1 0 1 0 1 0/0 15:49 0:00 0:34
Joonas Lyytinen 1 0 1 -2 0 2 0 0 0 1 0/0 20:44 1:48 2:34
Jordan Schmaltz 0 1 1 -6 0 1 1 4 0 1 0/0 24:01 3:07 3:59
Keegan Lowe 0 0 0 -2 2 1 3 2 0 0 0/0 19:49 1:48 1:40
Kevin Rooney 0 0 0 0 0 3 1 0 0 0 4/7 12:46 0:00 0:42
Mason Geertsen 0 0 0 1 0 0 0 0 0 0 0/0 15:15 0:00 0:00
Oliver Bjorkstrand 0 0 0 -3 0 1 2 0 0 0 0/1 17:08 2:08 0:00
Tyler Pitlick 1 1 2 -4 2 2 2 0 1 0 0/0 23:08 2:47 0:00
Zachary Sanford 0 3 3 -4 0 5 0 0 0 0 2/2 21:48 2:47 4:10
Zemgus Girgensons 0 0 0 -3 0 2 2 0 2 1 0/1 19:03 2:08 1:23
Players Stats for Bears
Player Name G A P +/- PIM S H SB GA TA FO MP PP MP PK MP
------------------------------------------------------------------------------------
A.J. Jenks 1 1 2 2 4 3 5 0 0 0 0/0 15:25 2:42 1:40
Angelo Esposito 1 1 2 3 0 1 0 0 0 0 5/13 17:15 2:42 1:03
Austin Wuthrich 0 0 0 0 0 1 1 0 0 0 0/0 7:33 0:00 0:00
Colby Cave 0 0 0 0 0 0 0 0 0 0 0/2 7:57 0:00 0:18
Derek Forbort 0 1 1 4 0 1 2 1 1 1 0/0 27:39 4:05 2:58
Emil Johansson 0 0 0 2 0 1 0 1 0 0 0/0 16:08 0:00 0:00
Gianluca Curcuruto 1 0 1 1 0 1 0 1 0 1 0/0 14:10 2:28 0:00
Jamie McGinn 0 0 0 0 0 1 0 1 0 0 0/0 8:29 0:00 0:56
Joshua Leivo 0 2 2 2 0 0 0 0 0 0 0/0 10:56 0:00 0:00
Kerby Rychel 3 1 4 2 2 8 3 0 2 0 2/2 22:17 3:51 1:54
Max Friberg 1 1 2 2 0 4 2 0 1 2 7/9 23:12 3:51 2:54
Michael Prapavessis 0 0 0 2 0 0 0 0 0 0 0/0 18:11 0:00 1:57
Mike Hoffman 2 0 2 3 0 2 2 0 1 0 0/0 13:46 0:00 0:18
Mikko Vainonen 0 0 0 1 0 0 1 2 0 0 0/0 18:06 4:05 2:58
Nicolas Aube-Kubel 0 2 2 3 2 5 1 0 0 1 0/1 16:21 2:42 0:07
Sam Carrick 0 4 4 2 0 1 1 0 1 0 22/39 20:55 3:51 0:40
Tommy Vannelli 0 2 2 4 0 2 1 2 0 1 0/0 25:46 2:28 1:57
Vincent Dunn 1 0 1 2 0 1 0 0 0 0 0/1 10:56 0:00 0:00
3 Stars
1 - Kerby Rychel (Her)
2 - Mike Hoffman (Her)
3 - Sam Carrick (Her)
Power Play
Senators - 2 on 4 Attempt(s) - 50.00%
Bears - 1 on 4 Attempt(s) - 25.00%
Penalty Kill
Senators - 3 on 4 Attempt(s) - 75.00%
- Score 0 goal in Penalty Kill
Bears - 2 on 4 Attempt(s) - 50.00%
- Score 0 goal in Penalty Kill
Team Stat
Senators - Hits : 19 - Faceoff Wins : 31 - Blocked Shots : 11 - Penalty Minutes : 8
Bears - Hits : 19 - Faceoff Wins : 36 - Blocked Shots : 8 - Penalty Minutes : 8
Official
Referees : Brian Pochmara and Tom Chmielewski
Linesman : Steve Miller and Mark Shewchyk
Game Notes
David Rittich enters game at 19:38 of 1st period
14:48 of 2nd period - Senators goal is going for a video replay. After video review, Goal.
Garret Sparks enters game at 0:44 of 3rd period
Kerby Rychel has scored a Hat Trick!
Finance
Level 1 -- Attendance: 1717 (85.85%) -- Ticket Income $60,095
Level 2 -- Attendance: 845 (84.50%) -- Ticket Income $12,675
Total Attendance: 2562 (85.40%)
Total Ticket Income: $72,770
Other Income: $3,638
Total Income: $76,408
Senators
5 vs 5 Forward
Center Left Wing Right Wing Time % Phy DF OF
1 Christoph Bertschy Zachary Sanford Tyler Pitlick 35 0 1 4
2 Jacob De La Rose Zemgus Girgensons Oliver Bjorkstrand 35 0 2 3
3 Kevin Rooney Brendan Perlini Grant Besse 25 0 2 3
4 Arttu Ruotsalainen C.J Suess Tyler Pitlick 5 0 2 3
5 vs 5 Defense
Defense Defense Time % Phy DF OF
1 Dmitry Sinitsyn Jordan Schmaltz 35 0 4 1
2 Keegan Lowe Joonas Lyytinen 35 0 4 1
3 Mason Geertsen Jonas Siegenthaler 30 0 4 1
4 Dmitry Sinitsyn Jordan Schmaltz 0 1 3 1
PowerPlay Forward
Center Left Wing Right Wing Time % Phy DF OF
1 Christoph Bertschy Zachary Sanford Tyler Pitlick 60 0 0 5
2 Jacob De La Rose Zemgus Girgensons Oliver Bjorkstrand 40 0 1 4
PowerPlay Defense
Defense Defense Time % Phy DF OF
1 Dmitry Sinitsyn Jordan Schmaltz 60 0 0 5
2 Keegan Lowe Joonas Lyytinen 40 0 1 4
Penalty Kill 4 Players Forward
Center Wing Time % Phy DF OF
1 Christoph Bertschy Zachary Sanford 60 0 5 0
2 Jacob De La Rose Zemgus Girgensons 40 0 5 0
Penalty Kill 4 Players Defense
Defense Defense Time % Phy DF OF
1 Dmitry Sinitsyn Jordan Schmaltz 60 0 5 0
2 Keegan Lowe Joonas Lyytinen 40 0 5 0
Penalty Kill - 3 Players Forward
Forward Time % Phy DF OF
1 Christoph Bertschy 60 0 5 0
2 Jacob De La Rose 40 0 5 0
Penalty Kill - 3 Players Defense
Defense Defense Time % Phy DF OF
1 Dmitry Sinitsyn Jordan Schmaltz 60 0 5 0
2 Keegan Lowe Joonas Lyytinen 40 0 5 0
4 vs 4 Forward
Center Wing Time % Phy DF OF
1 Christoph Bertschy Zachary Sanford 60 1 2 2
2 Jacob De La Rose Zemgus Girgensons 40 1 2 2
4 vs 4 Defense
Defense Defense Time % Phy DF OF
1 Dmitry Sinitsyn Jordan Schmaltz 60 1 2 2
2 Keegan Lowe Joonas Lyytinen 40 1 2 2
Last Minutes Offensive
Center Left Wing Right Wing Defense Defense
Christoph Bertschy Brendan Perlini Oliver Bjorkstrand Keegan Lowe Jordan Schmaltz
Last Minutes Defensive
Center Left Wing Right Wing Defense Defense
Jacob De La Rose Zachary Sanford Tyler Pitlick Dmitry Sinitsyn Jordan Schmaltz
Goaltenders
Starting : Garret Sparks
Backup : David Rittich
Extra Forwards
Normal : Christoph Bertschy, Jacob De La Rose, Brendan Perlini - PP : Christoph Bertschy, Jacob De La Rose - PK : Christoph Bertschy
Extra Defensemen
Normal : Dmitry Sinitsyn, Mason Geertsen, Keegan Lowe - PP : Jordan Schmaltz - PK : Jordan Schmaltz, Dmitry Sinitsyn
Penalty Shots
Christoph Bertschy, Brendan Perlini, Zemgus Girgensons, Kevin Rooney, Zachary Sanford
Scratches
Gustav Forsling (Healthy), Nikita Nesterov (Healthy), Vitaly Abramov (Healthy), Cliff Pu (Healthy), Michael Pezzetta (Healthy)
Bryce Kindopp (Healthy), Olle Eriksson Ek (Healthy), Scott Wedgewood (Healthy)
Bears
5 vs 5 Forward
Center Left Wing Right Wing Time % Phy DF OF
1 Sam Carrick Kerby Rychel Max Friberg 40 0 0 5
2 Angelo Esposito Mike Hoffman Nicolas Aube-Kubel 30 0 0 5
3 Vincent Dunn A.J. Jenks Joshua Leivo 20 0 0 5
4 Colby Cave Jamie McGinn Austin Wuthrich 10 0 2 3
5 vs 5 Defense
Defense Defense Time % Phy DF OF
1 Derek Forbort Tommy Vannelli 40 0 2 3
2 Michael Prapavessis Emil Johansson 30 0 3 2
3 Mikko Vainonen Gianluca Curcuruto 20 0 4 1
4 Derek Forbort Tommy Vannelli 10 0 2 3
PowerPlay Forward
Center Left Wing Right Wing Time % Phy DF OF
1 Sam Carrick Kerby Rychel Max Friberg 60 0 0 5
2 Angelo Esposito A.J. Jenks Nicolas Aube-Kubel 40 0 0 5
PowerPlay Defense
Defense Defense Time % Phy DF OF
1 Derek Forbort Mikko Vainonen 60 0 2 3
2 Tommy Vannelli Gianluca Curcuruto 40 0 2 3
Penalty Kill 4 Players Forward
Center Wing Time % Phy DF OF
1 Max Friberg Kerby Rychel 60 0 4 1
2 Sam Carrick Nicolas Aube-Kubel 40 0 4 1
Penalty Kill 4 Players Defense
Defense Defense Time % Phy DF OF
1 Derek Forbort Mikko Vainonen 60 0 5 0
2 Tommy Vannelli Michael Prapavessis 40 0 5 0
Penalty Kill - 3 Players Forward
Forward Time % Phy DF OF
1 Max Friberg 60 0 5 0
2 Kerby Rychel 40 0 5 0
Penalty Kill - 3 Players Defense
Defense Defense Time % Phy DF OF
1 Derek Forbort Mikko Vainonen 60 0 5 0
2 Tommy Vannelli Michael Prapavessis 40 0 5 0
4 vs 4 Forward
Center Wing Time % Phy DF OF
1 Max Friberg Kerby Rychel 60 0 0 5
2 Sam Carrick Nicolas Aube-Kubel 40 0 0 5
4 vs 4 Defense
Defense Defense Time % Phy DF OF
1 Tommy Vannelli Mikko Vainonen 60 0 3 2
2 Derek Forbort Michael Prapavessis 40 0 3 2
Last Minutes Offensive
Center Left Wing Right Wing Defense Defense
Sam Carrick Kerby Rychel Max Friberg Derek Forbort Tommy Vannelli
Last Minutes Defensive
Center Left Wing Right Wing Defense Defense
Sam Carrick Kerby Rychel Max Friberg Derek Forbort Mikko Vainonen
Goaltenders
Starting : Jake Allen
Backup : Sami Aittokallio
Extra Forwards
Normal : Max Friberg, Nicolas Aube-Kubel, Sam Carrick - PP : Max Friberg, Nicolas Aube-Kubel - PK : Max Friberg
Extra Defensemen
Normal : Tommy Vannelli, Derek Forbort, Mikko Vainonen - PP : Tommy Vannelli - PK : Tommy Vannelli, Derek Forbort
Penalty Shots
Max Friberg, Kerby Rychel, Sam Carrick, Nicolas Aube-Kubel, Joshua Leivo
Scratches
Brett Bulmer (Healthy), Jesper Pettersson (Healthy), David Farrance (Healthy), Mackenze Stewart (Healthy), Zack Hayes (Healthy)
Jacob Bryson (Healthy), Mario Ferraro (Healthy), Will Reilly (Healthy), Kristians Rubins (Healthy), Nikolay Prokhorkin (Healthy)
Ryan Graves (Healthy), Isaac Ratcliffe (Healthy), Cole Smith (Healthy), Warren Foegele (Healthy), Zach Stepan (Left Foot Injury)
Logan O'Connor (Healthy), Nicholas Caamano (Healthy), Jakob Stenqvist (Healthy), Arvid Henrikson (Healthy), Kirill Maksimov (Healthy)
% Time on Ice - Senators
Lines # - Real PCT - Wanted PCT - Time Play
Normal Forward
1 - 31% - 35% - 15:07
2 - 32% - 35% - 15:32
3 - 25% - 25% - 12:04
4 - 12% - 5% - 5:49
Normal Defense
1 - 35% - 35% - 16:55
2 - 34% - 35% - 16:22
3 - 31% - 30% - 15:15
4 - 0% - 0% - 0:00
PP Forward
1 - 57% - 60% - 2:47
2 - 43% - 40% - 2:08
PP Defense
1 - 63% - 60% - 3:07
2 - 37% - 40% - 1:48
PK Forward
1 - 79% - 60% - 5:10
2 - 21% - 40% - 1:23
PK Defense
1 - 61% - 60% - 3:59
2 - 39% - 40% - 2:34
PK3 Forward
1 - 0% - 60%
2 - 0% - 40%
PK3 Defense
1 - 0% - 60%
2 - 0% - 40%
44 Forward
1 - 0% - 60%
2 - 0% - 40%
44 Defense
1 - 0% - 60%
2 - 0% - 40%
Last Minute Offensive - 0:00
Last Minute Defensive - 0:00
Total
Forward - 60:00
Defense - 60:00
|
% Time on Ice - Bears
Lines # - Real PCT - Wanted PCT - Time Play
Normal Forward
1 - 34% - 40% - 16:33
2 - 28% - 30% - 13:30
3 - 23% - 20% - 10:56
4 - 16% - 10% - 7:33
Normal Defense
1 - 38% - 40% - 18:23
2 - 35% - 30% - 17:04
3 - 22% - 20% - 10:52
4 - 5% - 10% - 2:13
PP Forward
1 - 59% - 60% - 3:51
2 - 41% - 40% - 2:42
PP Defense
1 - 62% - 60% - 4:05
2 - 38% - 40% - 2:28
PK Forward
1 - 86% - 60% - 4:15
2 - 14% - 40% - 0:40
PK Defense
1 - 60% - 60% - 2:58
2 - 40% - 40% - 1:57
PK3 Forward
1 - 0% - 60%
2 - 0% - 40%
PK3 Defense
1 - 0% - 60%
2 - 0% - 40%
44 Forward
1 - 0% - 60%
2 - 0% - 40%
44 Defense
1 - 0% - 60%
2 - 0% - 40%
Last Minute Offensive - 0:00
Last Minute Defensive - 0:00
Total
Forward - 60:00
Defense - 60:00
|
Play-by-Play
1st period
0:01 of 1st period - Sam Carrick wins face-off versus Christoph Bertschy in neutral zone.
0:10 of 1st period - Snap shot by Max Friberg.
0:10 of 1st period - Shot Misses the Net.
0:31 of 1st period - Jordan Schmaltz is hit by Nicolas Aube-Kubel.
0:35 of 1st period - Dmitry Sinitsyn is hit by Derek Forbort and loses puck.
1:46 of 1st period - Minor Penalty to Keegan Lowe for Hooking.
1:47 of 1st period - Zachary Sanford wins face-off versus Sam Carrick in Senators zone.
2:17 of 1st period - Off-side.
2:18 of 1st period - Sam Carrick wins face-off versus Jacob De La Rose in neutral zone.
2:30 of 1st period - Backhand shot by Christoph Bertschy.
2:30 of 1st period - Stopped by Jake Allen without a rebound.
2:31 of 1st period - Christoph Bertschy wins face-off versus Sam Carrick in Bears zone.
2:36 of 1st period - Slapshot by Zachary Sanford.
2:36 of 1st period - Stopped by Jake Allen without a rebound.
2:37 of 1st period - Christoph Bertschy wins face-off versus Sam Carrick in Bears zone.
2:38 of 1st period - Slapshot by Zachary Sanford.
2:38 of 1st period - Stopped by Jake Allen without a rebound.
2:39 of 1st period - Sam Carrick wins face-off versus Christoph Bertschy in Bears zone.
3:04 of 1st period - Nicolas Aube-Kubel is hit by Dmitry Sinitsyn and loses puck.
3:13 of 1st period - Snap shot by A.J. Jenks.
3:13 of 1st period - Shot Blocked by Jacob De La Rose.
3:46 of 1st period - Penalty to Keegan Lowe is over, Keegan Lowe is back on ice.
4:17 of 1st period - Backhand shot by Nicolas Aube-Kubel.
4:17 of 1st period - Stopped by Garret Sparks without a rebound.
4:18 of 1st period - Kevin Rooney wins face-off versus Angelo Esposito in Senators zone.
4:47 of 1st period - Snap shot by A.J. Jenks.
4:47 of 1st period - Stopped by Garret Sparks with a rebound.
5:03 of 1st period - Minor Penalty to Christoph Bertschy for Holding Stick.
5:04 of 1st period - Jacob De La Rose wins face-off versus Sam Carrick in Senators zone.
5:37 of 1st period - Slapshot by Nicolas Aube-Kubel.
5:37 of 1st period - Stopped by Garret Sparks without a rebound.
5:38 of 1st period - Sam Carrick wins face-off versus Jacob De La Rose in Senators zone.
5:39 of 1st period - Wrist shot by Kerby Rychel.
5:39 of 1st period - Goal by Kerby Rychel - Senators : 0 - Bears : 1.
5:40 of 1st period - Christoph Bertschy wins face-off versus Sam Carrick in neutral zone.
5:53 of 1st period - Snap shot by Christoph Bertschy.
5:53 of 1st period - Deflect By Max Friberg.
5:53 of 1st period - Shot Misses the Net.
5:53 of 1st period - Puck is out of play.
5:54 of 1st period - Sam Carrick wins face-off versus Christoph Bertschy in Bears zone.
5:59 of 1st period - Wrist shot by Kerby Rychel.
5:59 of 1st period - Stopped by Garret Sparks with a rebound.
6:06 of 1st period - Off-side.
6:07 of 1st period - Kerby Rychel wins face-off versus Oliver Bjorkstrand in neutral zone.
6:12 of 1st period - Snap shot by Kerby Rychel.
6:12 of 1st period - Goal by Kerby Rychel - Senators : 0 - Bears : 2.
6:13 of 1st period - Jacob De La Rose wins face-off versus Sam Carrick in neutral zone.
6:16 of 1st period - Slapshot by Zemgus Girgensons.
6:16 of 1st period - Shot Misses the Net.
6:18 of 1st period - Slapshot by Keegan Lowe.
6:18 of 1st period - Shot Misses the Net.
7:28 of 1st period - Snap shot by Oliver Bjorkstrand.
7:28 of 1st period - Shot Misses the Net.
7:30 of 1st period - Snap shot by Jacob De La Rose.
7:30 of 1st period - Deflect By Jamie McGinn.
7:30 of 1st period - Stopped by Jake Allen with a rebound.
7:32 of 1st period - Wrist shot by Jacob De La Rose.
7:32 of 1st period - Shot Misses the Net.
7:50 of 1st period - Snap shot by Max Friberg.
7:50 of 1st period - Deflect By Kerby Rychel.
7:50 of 1st period - Shot Blocked by C.J Suess.
7:50 of 1st period - Puck is out of play.
7:51 of 1st period - Angelo Esposito wins face-off versus Kevin Rooney in Senators zone.
8:22 of 1st period - Off-side.
8:23 of 1st period - Sam Carrick wins face-off versus Christoph Bertschy in neutral zone.
8:32 of 1st period - Slapshot by Tyler Pitlick.
8:32 of 1st period - Deflect By Sam Carrick.
8:32 of 1st period - Stopped by Jake Allen with a rebound.
8:34 of 1st period - Snap shot by Christoph Bertschy.
8:34 of 1st period - Goal by Christoph Bertschy - Senators : 1 - Bears : 2.
8:35 of 1st period - Angelo Esposito wins face-off versus Jacob De La Rose in neutral zone.
9:02 of 1st period - Tyler Pitlick is hit by Sam Carrick and loses puck.
9:47 of 1st period - Snap shot by Nicolas Aube-Kubel.
9:47 of 1st period - Shot Blocked by Keegan Lowe.
10:01 of 1st period - Tommy Vannelli is hit by C.J Suess and loses puck.
10:52 of 1st period - Snap shot by Zemgus Girgensons.
10:52 of 1st period - Deflect By Oliver Bjorkstrand.
10:52 of 1st period - Shot Blocked by Gianluca Curcuruto.
10:52 of 1st period - Puck is out of play.
10:53 of 1st period - Kevin Rooney wins face-off versus Sam Carrick in Bears zone.
11:08 of 1st period - Max Friberg is hit by Kevin Rooney and loses puck.
11:43 of 1st period - Vincent Dunn is hit by Zemgus Girgensons and loses puck.
12:26 of 1st period - Dmitry Sinitsyn is hit by Kerby Rychel.
12:38 of 1st period - Wrist shot by Brendan Perlini.
12:38 of 1st period - Stopped by Jake Allen without a rebound.
12:39 of 1st period - Angelo Esposito wins face-off versus Christoph Bertschy in Bears zone.
14:15 of 1st period - Off-side.
14:16 of 1st period - Sam Carrick wins face-off versus Christoph Bertschy in neutral zone.
14:25 of 1st period - Snap shot by Sam Carrick.
14:25 of 1st period - Shot Blocked by Keegan Lowe.
15:26 of 1st period - Icing by Joonas Lyytinen.
15:27 of 1st period - Zachary Sanford wins face-off versus Angelo Esposito in Senators zone.
15:59 of 1st period - Off-side.
16:00 of 1st period - Jacob De La Rose wins face-off versus Sam Carrick in neutral zone.
16:33 of 1st period - Snap shot by Christoph Bertschy.
16:33 of 1st period - Deflect By Zachary Sanford.
16:33 of 1st period - Shot Blocked by Emil Johansson.
16:33 of 1st period - Puck is out of play.
16:34 of 1st period - Angelo Esposito wins face-off versus Christoph Bertschy in Bears zone.
16:47 of 1st period - Snap shot by Mike Hoffman.
16:47 of 1st period - Goal by Mike Hoffman - Senators : 1 - Bears : 3.
16:48 of 1st period - Jacob De La Rose wins face-off versus Sam Carrick in neutral zone.
17:03 of 1st period - Slapshot by Zemgus Girgensons.
17:03 of 1st period - Shot Misses the Net.
17:05 of 1st period - Wrist shot by Zemgus Girgensons.
17:05 of 1st period - Stopped by Jake Allen without a rebound.
17:06 of 1st period - Christoph Bertschy wins face-off versus Angelo Esposito in Bears zone.
17:17 of 1st period - Snap shot by Zachary Sanford.
17:17 of 1st period - Shot Misses the Net.
18:14 of 1st period - Snap shot by Oliver Bjorkstrand.
18:14 of 1st period - Stopped by Jake Allen with a rebound.
18:16 of 1st period - Snap shot by Jacob De La Rose.
18:16 of 1st period - Stopped by Jake Allen with a rebound.
18:18 of 1st period - Slapshot by Jacob De La Rose.
18:18 of 1st period - Shot Misses the Net.
18:41 of 1st period - Wrist shot by Zemgus Girgensons.
18:41 of 1st period - Shot Blocked by Mikko Vainonen.
18:51 of 1st period - Snap shot by Zemgus Girgensons.
18:51 of 1st period - Stopped by Jake Allen without a rebound.
18:52 of 1st period - Sam Carrick wins face-off versus Christoph Bertschy in Bears zone.
19:03 of 1st period - Slapshot by Derek Forbort.
19:03 of 1st period - Shot Misses the Net.
19:05 of 1st period - Slapshot by Tommy Vannelli.
19:05 of 1st period - Stopped by Garret Sparks without a rebound.
19:06 of 1st period - Christoph Bertschy wins face-off versus Nicolas Aube-Kubel in Senators zone.
19:18 of 1st period - Off-side.
19:19 of 1st period - Max Friberg wins face-off versus Christoph Bertschy in neutral zone.
19:34 of 1st period - Snap shot by Sam Carrick.
19:34 of 1st period - Deflect By Kerby Rychel.
19:34 of 1st period - Stopped by Garret Sparks without a rebound.
19:35 of 1st period - Kevin Rooney wins face-off versus Angelo Esposito in Senators zone.
19:38 of 1st period - Snap shot by Mike Hoffman.
19:38 of 1st period - Goal by Mike Hoffman - Senators : 1 - Bears : 4.
19:38 of 1st period - David Rittich enters game.
19:39 of 1st period - Sam Carrick wins face-off versus Christoph Bertschy in neutral zone.
19:52 of 1st period - Snap shot by Max Friberg.
19:52 of 1st period - Goal by Max Friberg - Senators : 1 - Bears : 5.
19:53 of 1st period - Grant Besse wins face-off versus Sam Carrick in neutral zone.
Goals for this period are 1 for Senators vs 5 for Bears.
Shots for this period are 11 for Senators vs 11 for Bears.
2nd period
0:01 of 2nd period - Sam Carrick wins face-off versus Christoph Bertschy in neutral zone.
1:10 of 2nd period - Mikko Vainonen is hit by C.J Suess and loses puck.
1:19 of 2nd period - Snap shot by Dmitry Sinitsyn.
1:19 of 2nd period - Shot Misses the Net.
1:21 of 2nd period - Slapshot by Dmitry Sinitsyn.
1:21 of 2nd period - Deflect By Austin Wuthrich.
1:21 of 2nd period - Stopped by Jake Allen with a rebound.
2:20 of 2nd period - A.J. Jenks is hit by Brendan Perlini.
2:28 of 2nd period - Kevin Rooney is hit by A.J. Jenks and loses puck.
3:08 of 2nd period - Slapshot by Gianluca Curcuruto.
3:08 of 2nd period - Goal by Gianluca Curcuruto - Senators : 1 - Bears : 6.
3:09 of 2nd period - Sam Carrick wins face-off versus Christoph Bertschy in neutral zone.
3:46 of 2nd period - Angelo Esposito is hit by Keegan Lowe and loses puck.
4:51 of 2nd period - Wrist shot by A.J. Jenks.
4:51 of 2nd period - Goal by A.J. Jenks - Senators : 1 - Bears : 7.
4:52 of 2nd period - Sam Carrick wins face-off versus Christoph Bertschy in neutral zone.
5:05 of 2nd period - Snap shot by Kerby Rychel.
5:05 of 2nd period - Shot Blocked by Dmitry Sinitsyn.
6:04 of 2nd period - Off-side.
6:05 of 2nd period - Christoph Bertschy wins face-off versus Vincent Dunn in neutral zone.
6:14 of 2nd period - Slapshot by Christoph Bertschy.
6:14 of 2nd period - Shot Misses the Net.
7:01 of 2nd period - Minor Penalty to Nicolas Aube-Kubel for Holding.
7:02 of 2nd period - Max Friberg wins face-off versus Christoph Bertschy in Bears zone.
7:10 of 2nd period - Slapshot by Keegan Lowe.
7:10 of 2nd period - Stopped by Jake Allen with a rebound.
7:36 of 2nd period - Slapshot by Keegan Lowe.
7:36 of 2nd period - Shot Blocked by Derek Forbort.
8:14 of 2nd period - Christoph Bertschy is hit by A.J. Jenks.
8:53 of 2nd period - Icing by Jordan Schmaltz.
8:54 of 2nd period - Max Friberg wins face-off versus Christoph Bertschy in Senators zone.
9:01 of 2nd period - Penalty to Nicolas Aube-Kubel is over, Nicolas Aube-Kubel is back on ice.
9:45 of 2nd period - Snap shot by Joshua Leivo.
9:45 of 2nd period - Shot Misses the Net.
9:47 of 2nd period - Slapshot by Michael Prapavessis.
9:47 of 2nd period - Shot Misses the Net.
9:49 of 2nd period - Slapshot by Emil Johansson.
9:49 of 2nd period - Deflect By Zemgus Girgensons.
9:49 of 2nd period - Stopped by David Rittich without a rebound.
9:50 of 2nd period - Kevin Rooney wins face-off versus Angelo Esposito in Senators zone.
9:57 of 2nd period - Slapshot by Keegan Lowe.
9:57 of 2nd period - Shot Misses the Net.
9:59 of 2nd period - Slapshot by Keegan Lowe.
9:59 of 2nd period - Deflect By Brendan Perlini.
9:59 of 2nd period - Stopped by Jake Allen with a rebound.
10:01 of 2nd period - Slapshot by Joonas Lyytinen.
10:01 of 2nd period - Stopped by Jake Allen with a rebound.
10:03 of 2nd period - Wrist shot by Grant Besse.
10:03 of 2nd period - Shot Blocked by Tommy Vannelli.
10:05 of 2nd period - Snap shot by Brendan Perlini.
10:05 of 2nd period - Stopped by Jake Allen with a rebound.
11:20 of 2nd period - Snap shot by Nicolas Aube-Kubel.
11:20 of 2nd period - Shot Misses the Net.
11:22 of 2nd period - Wrist shot by Gianluca Curcuruto.
11:22 of 2nd period - Shot Blocked by Jordan Schmaltz.
11:24 of 2nd period - Slapshot by Gianluca Curcuruto.
11:24 of 2nd period - Shot Misses the Net.
11:26 of 2nd period - Snap shot by Mike Hoffman.
11:26 of 2nd period - Shot Blocked by Dmitry Sinitsyn.
11:42 of 2nd period - Wrist shot by Sam Carrick.
11:42 of 2nd period - Deflect By Max Friberg.
11:42 of 2nd period - Stopped by David Rittich with a rebound.
11:44 of 2nd period - Slapshot by Kerby Rychel.
11:44 of 2nd period - Shot Blocked by Jordan Schmaltz.
11:46 of 2nd period - Slapshot by Sam Carrick.
11:46 of 2nd period - Stopped by David Rittich with a rebound.
12:22 of 2nd period - Snap shot by Brendan Perlini.
12:22 of 2nd period - Stopped by Jake Allen without a rebound.
12:23 of 2nd period - Grant Besse wins face-off versus Angelo Esposito in Bears zone.
12:54 of 2nd period - Wrist shot by Brendan Perlini.
12:54 of 2nd period - Shot Blocked by Tommy Vannelli.
12:58 of 2nd period - Snap shot by Brendan Perlini.
12:58 of 2nd period - Stopped by Jake Allen with a rebound.
13:00 of 2nd period - Slapshot by Jonas Siegenthaler.
13:00 of 2nd period - Stopped by Jake Allen with a rebound.
13:02 of 2nd period - Wrist shot by Grant Besse.
13:02 of 2nd period - Goal by Grant Besse - Senators : 2 - Bears : 7.
13:03 of 2nd period - Sam Carrick wins face-off versus Christoph Bertschy in neutral zone.
13:51 of 2nd period - Double Minor Penalty to A.J. Jenks for Slashing.
13:52 of 2nd period - Max Friberg wins face-off versus Christoph Bertschy in Bears zone.
14:03 of 2nd period - Christoph Bertschy is hit by Kerby Rychel and loses puck.
14:29 of 2nd period - Slapshot by Dmitry Sinitsyn.
14:29 of 2nd period - Deflect By Zemgus Girgensons.
14:29 of 2nd period - Shot Misses the Net.
14:29 of 2nd period - Puck is out of play.
14:30 of 2nd period - Christoph Bertschy wins face-off versus Sam Carrick in Bears zone.
14:31 of 2nd period - Snap shot by Zachary Sanford.
14:31 of 2nd period - Stopped by Jake Allen with a rebound.
14:33 of 2nd period - Slapshot by Joonas Lyytinen.
14:33 of 2nd period - Goal by Joonas Lyytinen - Senators : 3 - Bears : 7.
14:34 of 2nd period - Max Friberg wins face-off versus Christoph Bertschy in neutral zone.
14:38 of 2nd period - Off-side.
14:39 of 2nd period - Christoph Bertschy wins face-off versus Max Friberg in neutral zone.
14:44 of 2nd period - Snap shot by Zachary Sanford.
14:44 of 2nd period - Shot Misses the Net.
14:46 of 2nd period - Slapshot by Jordan Schmaltz.
14:46 of 2nd period - Stopped by Jake Allen with a rebound.
14:48 of 2nd period - Snap shot by Tyler Pitlick.
14:48 of 2nd period - Senators goal is going for a video replay.
14:48 of 2nd period - The goal is good.
14:48 of 2nd period - Goal by Tyler Pitlick - Senators : 4 - Bears : 7.
14:49 of 2nd period - Christoph Bertschy wins face-off versus Sam Carrick in neutral zone.
15:00 of 2nd period - Off-side.
15:01 of 2nd period - Christoph Bertschy wins face-off versus Sam Carrick in neutral zone.
15:56 of 2nd period - Snap shot by Joshua Leivo.
15:56 of 2nd period - Shot Blocked by Jonas Siegenthaler.
16:10 of 2nd period - Snap shot by Austin Wuthrich.
16:10 of 2nd period - Shot Misses the Net.
16:12 of 2nd period - Wrist shot by Colby Cave.
16:12 of 2nd period - Shot Misses the Net.
16:14 of 2nd period - Slapshot by Austin Wuthrich.
16:14 of 2nd period - Stopped by David Rittich with a rebound.
16:16 of 2nd period - Snap shot by Jamie McGinn.
16:16 of 2nd period - Stopped by David Rittich with a rebound.
16:32 of 2nd period - Mason Geertsen is hit by Max Friberg.
16:56 of 2nd period - Snap shot by Kevin Rooney.
16:56 of 2nd period - Stopped by Jake Allen with a rebound.
16:58 of 2nd period - Slapshot by Grant Besse.
16:58 of 2nd period - Stopped by Jake Allen with a rebound.
17:18 of 2nd period - Zachary Sanford is hit by Mike Hoffman and loses puck.
17:25 of 2nd period - Emil Johansson is hit by Keegan Lowe and loses puck.
17:36 of 2nd period - Mike Hoffman is hit by Jacob De La Rose and loses puck.
18:25 of 2nd period - Wrist shot by A.J. Jenks.
18:25 of 2nd period - Stopped by David Rittich without a rebound.
18:26 of 2nd period - Christoph Bertschy wins face-off versus Colby Cave in Senators zone.
18:33 of 2nd period - Snap shot by Zachary Sanford.
18:33 of 2nd period - Stopped by Jake Allen without a rebound.
18:34 of 2nd period - Christoph Bertschy wins face-off versus Colby Cave in Bears zone.
18:37 of 2nd period - Wrist shot by Tyler Pitlick.
18:37 of 2nd period - Shot Blocked by Mikko Vainonen.
18:39 of 2nd period - Wrist shot by Zachary Sanford.
18:39 of 2nd period - Shot Blocked by Jamie McGinn.
19:49 of 2nd period - Off-side.
19:50 of 2nd period - Sam Carrick wins face-off versus Zemgus Girgensons in neutral zone.
Goals for this period are 3 for Senators vs 2 for Bears.
Shots for this period are 16 for Senators vs 8 for Bears.
3rd period
0:01 of 3rd period - Sam Carrick wins face-off versus Christoph Bertschy in neutral zone.
0:10 of 3rd period - Wrist shot by Kerby Rychel.
0:10 of 3rd period - Stopped by David Rittich without a rebound.
0:11 of 3rd period - Sam Carrick wins face-off versus Christoph Bertschy in Senators zone.
0:44 of 3rd period - Slapshot by Vincent Dunn.
0:44 of 3rd period - Goal by Vincent Dunn - Senators : 4 - Bears : 8.
0:44 of 3rd period - Garret Sparks enters game.
0:45 of 3rd period - Jacob De La Rose wins face-off versus Sam Carrick in neutral zone.
1:17 of 3rd period - Slapshot by Angelo Esposito.
1:17 of 3rd period - Goal by Angelo Esposito - Senators : 4 - Bears : 9.
1:18 of 3rd period - Kerby Rychel wins face-off versus Christoph Bertschy in neutral zone.
1:29 of 3rd period - Snap shot by Max Friberg.
1:29 of 3rd period - Shot Misses the Net.
1:31 of 3rd period - Wrist shot by Max Friberg.
1:31 of 3rd period - Shot Misses the Net.
2:09 of 3rd period - Wrist shot by Kevin Rooney.
2:09 of 3rd period - Stopped by Jake Allen with a rebound.
2:11 of 3rd period - Snap shot by Kevin Rooney.
2:11 of 3rd period - Stopped by Jake Allen with a rebound.
2:27 of 3rd period - A.J. Jenks is hit by Tyler Pitlick and loses puck.
2:52 of 3rd period - Jamie McGinn is hit by Oliver Bjorkstrand and loses puck.
3:05 of 3rd period - Wrist shot by Kerby Rychel.
3:05 of 3rd period - Stopped by Garret Sparks with a rebound.
3:07 of 3rd period - Slapshot by Max Friberg.
3:07 of 3rd period - Stopped by Garret Sparks without a rebound.
3:08 of 3rd period - Sam Carrick wins face-off versus Christoph Bertschy in Senators zone.
3:23 of 3rd period - Slapshot by Sam Carrick.
3:23 of 3rd period - Shot Blocked by Jordan Schmaltz.
3:25 of 3rd period - Snap shot by Kerby Rychel.
3:25 of 3rd period - Goal by Kerby Rychel - Senators : 4 - Bears : 10.
3:26 of 3rd period - Sam Carrick wins face-off versus Christoph Bertschy in neutral zone.
3:31 of 3rd period - Wrist shot by Kerby Rychel.
3:31 of 3rd period - Shot Misses the Net.
3:33 of 3rd period - Wrist shot by Kerby Rychel.
3:33 of 3rd period - Stopped by Garret Sparks without a rebound.
3:34 of 3rd period - Christoph Bertschy wins face-off versus Sam Carrick in Senators zone.
3:34 of 3rd period - Christoph Bertschy is hit by Max Friberg.
3:49 of 3rd period - Minor Penalty to Kerby Rychel for Hooking.
3:50 of 3rd period - Max Friberg wins face-off versus Christoph Bertschy in Bears zone.
3:54 of 3rd period - Slapshot by Derek Forbort.
3:54 of 3rd period - Stopped by Garret Sparks without a rebound.
3:55 of 3rd period - Christoph Bertschy wins face-off versus Max Friberg in Senators zone.
4:00 of 3rd period - A.J. Jenks is hit by Jordan Schmaltz and loses puck.
4:29 of 3rd period - Michael Prapavessis is hit by Oliver Bjorkstrand and loses puck.
5:37 of 3rd period - Zemgus Girgensons is hit by Tommy Vannelli and loses puck.
5:49 of 3rd period - Penalty to Kerby Rychel is over, Kerby Rychel is back on ice.
5:54 of 3rd period - Wrist shot by Brendan Perlini.
5:54 of 3rd period - Deflect By Kevin Rooney.
5:54 of 3rd period - Shot Misses the Net.
5:54 of 3rd period - Puck is out of play.
5:55 of 3rd period - Sam Carrick wins face-off versus Kevin Rooney in Bears zone.
6:22 of 3rd period - Grant Besse is hit by A.J. Jenks and loses puck.
7:28 of 3rd period - Icing by Jordan Schmaltz.
7:29 of 3rd period - Jacob De La Rose wins face-off versus Angelo Esposito in Senators zone.
8:04 of 3rd period - Snap shot by Max Friberg.
8:04 of 3rd period - Stopped by Garret Sparks without a rebound.
8:05 of 3rd period - Angelo Esposito wins face-off versus Christoph Bertschy in Senators zone.
8:14 of 3rd period - Wrist shot by Nicolas Aube-Kubel.
8:14 of 3rd period - Stopped by Garret Sparks with a rebound.
8:16 of 3rd period - Snap shot by Tommy Vannelli.
8:16 of 3rd period - Stopped by Garret Sparks with a rebound.
8:18 of 3rd period - Wrist shot by Nicolas Aube-Kubel.
8:18 of 3rd period - Stopped by Garret Sparks without a rebound.
8:19 of 3rd period - Jacob De La Rose wins face-off versus Sam Carrick in Senators zone.
8:30 of 3rd period - Wrist shot by Zemgus Girgensons.
8:30 of 3rd period - Shot Misses the Net.
8:33 of 3rd period - Icing by Derek Forbort.
8:34 of 3rd period - Sam Carrick wins face-off versus Christoph Bertschy in Bears zone.
8:34 of 3rd period - Sam Carrick is hit by Christoph Bertschy.
8:47 of 3rd period - Minor Penalty to Christoph Bertschy for Hooking.
8:48 of 3rd period - Jacob De La Rose wins face-off versus Sam Carrick in Senators zone.
8:48 of 3rd period - Jacob De La Rose is hit by Derek Forbort.
8:59 of 3rd period - Slapshot by Dmitry Sinitsyn.
8:59 of 3rd period - Deflect By Zachary Sanford.
8:59 of 3rd period - Stopped by Jake Allen without a rebound.
9:00 of 3rd period - Sam Carrick wins face-off versus Jacob De La Rose in Bears zone.
10:46 of 3rd period - Arttu Ruotsalainen is hit by Mikko Vainonen and loses puck.
10:47 of 3rd period - Penalty to Christoph Bertschy is over, Christoph Bertschy is back on ice.
11:31 of 3rd period - Mike Hoffman is hit by Zemgus Girgensons and loses puck.
11:46 of 3rd period - Brendan Perlini is hit by A.J. Jenks and loses puck.
11:57 of 3rd period - Grant Besse is hit by Austin Wuthrich and loses puck.
12:08 of 3rd period - Kerby Rychel is hit by Keegan Lowe and loses puck.
12:47 of 3rd period - Austin Wuthrich is hit by Tyler Pitlick and loses puck.
13:00 of 3rd period - Derek Forbort is hit by Jacob De La Rose and loses puck.
14:11 of 3rd period - Derek Forbort is hit by C.J Suess and loses puck.
15:11 of 3rd period - Snap shot by Zachary Sanford.
15:11 of 3rd period - Shot Misses the Net.
15:21 of 3rd period - Wrist shot by Christoph Bertschy.
15:21 of 3rd period - Shot Misses the Net.
15:31 of 3rd period - Tyler Pitlick is hit by Mike Hoffman and loses puck.
15:38 of 3rd period - Snap shot by Nicolas Aube-Kubel.
15:38 of 3rd period - Stopped by Garret Sparks without a rebound.
15:39 of 3rd period - Max Friberg wins face-off versus Kevin Rooney in Senators zone.
17:09 of 3rd period - Snap shot by Joshua Leivo.
17:09 of 3rd period - Shot Misses the Net.
17:11 of 3rd period - Wrist shot by A.J. Jenks.
17:11 of 3rd period - Shot Blocked by Jordan Schmaltz.
17:13 of 3rd period - Slapshot by Mikko Vainonen.
17:13 of 3rd period - Shot Misses the Net.
17:15 of 3rd period - Slapshot by Gianluca Curcuruto.
17:15 of 3rd period - Shot Misses the Net.
17:21 of 3rd period - Minor Penalty to Tyler Pitlick for Slashing.
17:22 of 3rd period - Sam Carrick wins face-off versus Christoph Bertschy in Senators zone.
17:54 of 3rd period - Keegan Lowe is hit by A.J. Jenks and loses puck.
18:20 of 3rd period - Off-side.
18:21 of 3rd period - Jacob De La Rose wins face-off versus Angelo Esposito in neutral zone.
18:48 of 3rd period - Jacob De La Rose is hit by Kerby Rychel and loses puck.
19:21 of 3rd period - Penalty to Tyler Pitlick is over, Tyler Pitlick is back on ice.
Goals for this period are 0 for Senators vs 3 for Bears.
Shots for this period are 3 for Senators vs 13 for Bears.